 Dungeon Crawl Stone Soup version 0.16.1-16-gc44b35d (webtiles) character file.

355048 Zwobot the Spry (level 20, -30/168 (171) HPs)
             Began as a Demigod Assassin on Apr 16, 2015.
             Annihilated by a titan (51 damage)
             ... on level 5 of the Vaults on Apr 17, 2015.
             The game lasted 05:58:30 (60961 turns).

Zwobot the Spry (Demigod Assassin)                 Turns: 60961, Time: 05:58:30

HP:   -30/168 (171) AC: 32    Str: 21    XL:     20   Next: 50%
MP:   0/36          EV: 42    Int: 15    God:
Gold: 552           SH:  8    Dex: 37    Spells: 11 memorised, 2 levels left

rFire  + . .     SeeInvis +     a - +9 short sword (elec)
rCold  . . .     Clarity  .     R - +6 mottled dragon armour
rNeg   + . .     SustAb   +     n - +0 buckler {reflect}
rPois  .         Gourm    .     Y - +2 hat {MR+}
rElec  +         Spirit   +     z - +1 cloak
rCorr  .         Warding  .     m - +2 pair of gloves {Dex+3}
rMut   .         Stasis   .     H - +1 pair of boots "Shuyg" {+Blink rElec rF+ Str+2 Slay+2}
MR     +++..                    w - amulet of guardian spirit
Stlth  +++++++...               o - +6 ring of protection
                                A - ring of Shadows {Umbra +Inv rN+ SInv}

@: mighty, agile, lethally poisoned (-30 -> -33), silence, very slightly
contaminated, hasted, wreathed by umbra, repel missiles, very quick, extremely
resistant to hostile enchantments, extremely stealthy
A: deterioration 1, sustain abilities
a: Evoke Blink, Evoke Invisibility
}: 2/15 runes: decaying, serpentine


You were on level 5 of the Vaults.
You were near starving.

You visited 6 branches of the dungeon, and saw 42 of its levels.
You also visited: Labyrinth, Sewer, Ice Cave and Volcano.

You collected 4802 gold pieces.
You spent 4250 gold pieces at shops.

Inventory:

Hand weapons
 a - a +9 short sword of electrocution (weapon)
 b - the +6 quick blade of the Spinneret {flame, Int+7}
   (You found it on level 8 of the Lair of Beasts)

   It has been specially enchanted to burn those struck by it, causing extra
   injury to most foes and up to half again as much damage against particularly
   susceptible opponents.
   It affects your intelligence (+7).
 c - a +0 blowgun
 J - a +2 great sword of distortion
Missiles
 f - 14 curare-tipped needles
 y - a throwing net (quivered)
Armour
 m - a +2 pair of gloves of dexterity (worn)
 n - a +0 buckler of reflection (worn)
 z - a +1 cloak (worn)
 H - the +1 pair of boots "Shuyg" (worn) {+Blink rElec rF+ Str+2 Slay+2}
   (You bought it in a shop on level 4 of the Orcish Mines)

   It affects your strength (+2).
   It affects your accuracy and damage with ranged weapons and melee attacks
   (+2).
   It protects you from fire.
   It insulates you from electricity.
   It lets you blink.
 R - a +6 mottled dragon armour (worn)
 Y - a +2 hat of magic resistance (worn)
Rods
 v - a +0 rod of the swarm (10/10)
   (You found it on level 12 of the Dungeon)
Jewellery
 h - an uncursed ring of teleportation
 o - a +6 ring of protection (right hand)
 p - a +5 ring of evasion
 w - an amulet of guardian spirit (around neck)
 A - the ring of Shadows (left hand) {Umbra +Inv rN+ SInv}
   (You took it off a minotaur in a labyrinth)

   [ring of invisibility]

   It protects you from negative energy.
   It enhances your eyesight.
   It lets you turn invisible.
 B - an uncursed amulet of resist mutation
 D - an uncursed ring of protection from fire
 V - an uncursed ring of poison resistance
Magical devices
 d - a wand of fire (2)
 j - a wand of teleportation (6)
 k - a wand of paralysis (7)
 q - a wand of disintegration (10)
 x - a wand of disintegration (5)
 K - a wand of hasting (4)
 L - a wand of digging (5)
 P - a wand of cold (9)
Scrolls
 r - a scroll of blinking
 s - 14 scrolls of teleportation
 E - 18 scrolls of remove curse
 F - 10 scrolls of recharging
 N - 3 scrolls of fog
 O - 6 scrolls of identify
 Q - 2 scrolls of magic mapping
 T - 6 scrolls of fear
 X - 3 scrolls of silence
Potions
 i - 2 potions of heal wounds
 t - 7 potions of resistance
 C - 4 potions of haste
 G - 5 potions of curing
 I - 2 potions of invisibility
 M - a potion of agility
 W - a potion of might
 Z - 5 potions of brilliance
Comestibles
 g - 15 bread rations
 l - 28 meat rations
 u - a chunk of flesh


   Skills:
 + Level 13.0 Fighting
 - Level 12.0 Short Blades
 - Level 3.4 Throwing
 * Level 13.2 Armour
 - Level 20.1 Dodging
 - Level 7.0 Stealth
 - Level 5.5 Shields
 - Level 8.0 Spellcasting
 - Level 10.8 Hexes
 - Level 6.0 Charms
 - Level 1.2 Necromancy
 - Level 5.7 Translocations
 - Level 10.8 Air Magic
 - Level 8.0 Evocations


You had 2 spell levels left.
You knew the following spells:

 Your Spells              Type           Power        Failure   Level  Hunger
a - Regeneration          Chrm/Necr      ###.......   12%         3    ##.....
b - Swiftness             Chrm/Air       ####....     1%          2    None
c - Control Teleport      Chrm/Tloc      ###.......   14%         4    ####...
d - Blink                 Tloc           N/A          1%          2    None
e - Repel Missiles        Chrm/Air       ####..       1%          2    None
f - Silence               Hex/Air        #####.....   6%          5    #####..
g - Haste                 Chrm           ###.....     99%         6    #######
h - Spectral Weapon       Hex/Chrm       ####....     1%          3    ##.....
i - Apportation           Tloc           ###.......   1%          1    None
j - Animate Skeleton      Necr           N/A          12%         1    None
k - Enslavement           Hex            #####...     1%          4    ####...


Dungeon Overview and Level Annotations

Branches:
Dungeon (15/15)            Temple (0/1) D:7            Lair (8/8) D:9
  Swamp (5/5) Lair:3        Snake (5/5) Lair:4        Slime (0/6) Lair:7
    Orc (4/4) D:11            Elf (0/3) Orc:3        Vaults (5/5) D:14
  Crypt (0/3) Vaults:3     Depths (0/5) D:15

Shops:
D:6 :=   Orc:4 [[([   Snake:1 [%:?[   Vaults:2 [   Vaults:4 *

Portals:
Hell: Lair:8

Annotations:
D:6 Grinder


Innate Abilities, Weirdness & Mutations

Your attributes are resistant to harm.
Your body is slowly deteriorating.


Message History

The wolf spider barely misses you.
The wolf spider bites you but does no damage.
The red devil hits you from afar with a demon trident of venom!
* * * LOW HITPOINT WARNING * * *
You are poisoned.
You miss the orc sorcerer.
The orc sorcerer is almost dead.
You feel sick.
You miss the orc sorcerer.
The orc sorcerer is almost dead.
The wolf spider completely misses you. You block the wolf spider's attack.
You hit the orc sorcerer.
You kill the orc sorcerer!
The red devil disappears in a puff of smoke! x2
You puncture the titan!
The titan is lightly wounded.
You feel sick. The wolf spider hits you!!
* * * LOW HITPOINT WARNING * * *
The wolf spider completely misses you. The titan hits you!!!
You die...

....#
#..#
.$.#
#..#
..
#..#
#..#
#..#
#..#
#ยงยง#
#sC#
#@)#
#..#
#..#
#..#
#..#
#..#
#..#
#..#
#..


You could see a titan and a wolf spider.

Vanquished Creatures
  Norris (Snake:5)
  Xtahua (Vaults:4)
  Nikola (Swamp:3)
  A tentacled monstrosity (Vaults:4)
  A lich (Vaults:4)
  A thorn hunter (Swamp:3)
  Rupert (D:14)
  A tengu reaver (Vaults:4)
  Kirke (D:15)
  Frances (Snake:1)
  An ancient champion (Vaults:3)
  A fire giant (Vaults:5)
  12 vault wardens
  A frost giant (Vaults:1)
  Donald (Snake:3)
  2 orc warlords
  19 greater nagas
  3 very ugly things
  13 ironheart preservers
  Jorgrun (Snake:2)
  3 rakshasas (Vaults:2)
  4 stone giants
  The ghost of hulla the Infuser, a powerful OpTm of Makhleb (Lair:8)
  2 deep elf demonologists (Vaults:1)
  Azrael (Snake:2)
  A deep elf annihilator (Vaults:1)
  33 vault guards
  Snorg (Lair:8)
  2 deep elf death magi
  2 fire dragons
  A minotaur (Lab)
  4 great orbs of eyes
  11 yaktaur captains
  2 blizzard demons (IceCv)
  A deep elf high priest (Vaults:5)
  7 centaur warriors
  2 ice dragons
  14 ogre magi
  24 naga warriors
  33 hydras
  12 anacondas
  6 alligators
  3 catoblepae
  2 orc high priests (Orc:4)
  10 death yaks
  Urug (D:10)
  A shock serpent (shapeshifter) (Vaults:3)
  A sun demon (Lair:8)
  2 shadow wraiths (Vaults:1)
  9 naga sharpshooters
  Nergalle (Lair:8)
  5 deep elf knights (Vaults:4)
  7 shock serpents
  5 ice devils (IceCv)
  7 skeletal warriors
  3 deep trolls (Vaults:1)
  2 sea snakes (Snake:1)
  3 spriggan druids
  2 unseen horrors (Vaults:1)
  8 swamp dragons
  8 hill giants
  2 shambling mangroves
  12 naga ritualists
  A flayed ghost (Vaults:5)
  2 wizards
  9 ironbrand convokers
  A lindwurm (Lair:6)
  The ghost of Thomus the Cleaver, an experienced HOFi (D:5)
  10 mana vipers
  A harpy (Vaults:1)
  A giant orange brain (Vaults:2)
  2 deep elf conjurers (Vaults:1)
  3 phantasmal warriors
  A sphinx zombie (Vaults:2)
  18 ugly things
  19 orc knights
  A wolf spider (Vaults:2)
  3 griffons
  A sixfirhy (Lair:8)
  5 orc sorcerers
  12 salamanders
  2 necromancers
  3 manticores
  2 hornets
  A frost giant skeleton (Vaults:1)
  7 cyclopes
  37 black mambas
  A guardian serpent (shapeshifter) (Vaults:3)
  Joseph (Orc:1)
  11 spiny frogs
  20 guardian serpents
  8 vault sentinels
  A gargoyle (D:12)
  A black mamba (shapeshifter) (Vaults:1)
  6 elephants (Lair:6)
  A spiny frog (shapeshifter) (Vaults:4)
  3 torpor snails
  29 naga magi
  Psyche (D:9)
  A hellwing (Lair:8)
  3 yaktaur zombies
  3 orange demons (Lair:8)
  34 yaktaurs
  5 fire drakes
  4 kobold demonologists
  8 komodo dragons
  A red devil (Lair:8)
  7 freezing wraiths
  2 anaconda simulacra (IceCv)
  A golden dragon simulacrum (IceCv)
  A queen bee (Lair:3)
  2 deep elf priests
  A giant leech (Swamp:4)
  5 baby alligators
  8 trolls
  25 two-headed ogres
  3 bog bodies
  17 blink frogs
  12 ravens
  19 slime creatures
  7 blue devils
  A silent spectre (Vaults:3)
  5 boulder beetles
  8 spriggans
  A slime creature (shapeshifter) (Vaults:2)
  3 basilisks
  8 shadows
  A stone giant simulacrum (Vaults:2)
  3 deep elf magi
  A spriggan (shapeshifter) (Vaults:1)
  2 wyverns
  A dire elephant simulacrum (IceCv)
  23 yaks
  Eustachio (D:8)
  8 vampire mosquitoes
  3 fire bats (Lair:4)
  3 fire elementals (Snake:2)
  4 deep elf fighters
  22 swamp worms
  36 water moccasins
  8 wargs
  13 wolves
  86 nagas
  4 iron troll simulacra (IceCv)
  5 mottled dragons
  4 death yak simulacra (IceCv)
  Edmund (D:8)
  23 insubstantial wisps
  15 hippogriffs
  10 porcupines
  4 hell hounds (Snake:2)
  2 harpy simulacra (IceCv)
  A hydra simulacrum (IceCv)
  13 ice beasts
  3 phantoms
  2 necrophages
  An alligator simulacrum (IceCv)
  19 swamp drakes
  3 sky beasts
  2 boring beetles
  30 centaurs
  46 orc warriors
  An ettin simulacrum (Vaults:2)
  3 eyes of draining
  7 wasps
  A black bear (D:9)
  61 ogres
  20 crocodiles
  A brain worm (D:14)
  24 giant frogs
  5 big kobolds
  A gnoll sergeant (D:8)
  A glowing shapeshifter simulacrum (Vaults:2)
  A troll zombie (Orc:4)
  A scorpion (D:14)
  28 killer bees
  5 electric eels
  2 goliath beetles
  2 draconian simulacra (IceCv)
  5 crimson imps
  6 jellies
  4 giant frog zombies
  2 quasits
  A gnoll shaman (D:5)
  11 hounds
  40 orc priests
  34 orc wizards
  6 worker ants
  8 iguanas
  A polar bear simulacrum (IceCv)
  9 sheep
  A spriggan simulacrum (IceCv)
  2 troll simulacra (IceCv)
  A killer bee zombie (D:8)
  A centaur simulacrum (IceCv)
  A hound zombie (D:9)
  13 gnolls
  2 ogre simulacra (IceCv)
  3 naga simulacra (IceCv)
  66 river rats
  31 adders
  4 white imps (IceCv)
  3 giant mites
  7 worms
  3 shadow imps
  3 ufetubi (IceCv)
  2 adder zombies
  3 adder skeletons
  7 giant geckos
  4 oozes
  234 orcs
  3 ball pythons
  A bat skeleton (D:8)
  8 giant cockroaches
  20 goblins
  16 hobgoblins
  7 jackals
  8 quokkas
  26 bats
  A giant gecko zombie (D:5)
  4 giant newts
  A giant spore (D:15)
  27 kobolds
  4 orc zombies (Orc:4)
  21 rats
  21 ballistomycetes
  A butterfly (D:7)
2000 creatures vanquished.

Vanquished Creatures (collateral kills)
  A hydra (Lair:8)
  The ghost of hulla the Orderly, a powerful OpTm of Makhleb (Lair:2)
  A gargoyle (D:13)
  A mottled dragon (D:15)
  A human (D:15)
  A warg (D:15)
6 creatures vanquished.

Vanquished Creatures (others)
  A deep elf annihilator (Vaults:5)
  2 naga sharpshooters
  A shambling mangrove (Swamp:4)
  A naga mage (Snake:5)
  4 yaktaurs
  A golden dragon simulacrum (IceCv)
  A dire elephant simulacrum (IceCv)
  A human simulacrum (Vaults:1)
  2 humans (D:15)
  4 vampire mosquitoes
  2 nagas
  2 harpy simulacra (IceCv)
  A swamp worm (Swamp:4)
  2 spiders
  A swamp drake (Swamp:5)
  2 ice beasts (Swamp:3)
  A centaur (Vaults:2)
  2 killer bees (D:15)
  2 goliath beetles
  3 worker ants (D:12)
  A sheep (Lair:4)
  2 ufetubi (IceCv)
  2 orcs
  A quokka (D:7)
  3 giant spores
  A ballistomycete (D:12)
  A butterfly (D:13)
  6 fungi
  3 plants
56 creatures vanquished.

Grand Total: 2062 creatures vanquished

Notes
Turn   | Place    | Note
--------------------------------------------------------------
     0 | D:1      | Zwobot, the Demigod Assassin, began the quest for the Orb.
     0 | D:1      | Reached XP level 1. HP: 17/17 MP: 2/2
   325 | D:1      | You fall through a shaft!
   330 | D:2      | Reached skill level 4 in Stealth
   349 | D:2      | Reached skill level 1 in Dodging
   349 | D:2      | Reached XP level 2. HP: 14/24 MP: 3/3
   645 | D:2      | Found a stormy altar of Qazlal.
   704 | D:2      | Found a sparkling altar of Nemelex Xobeh.
  1139 | D:2      | Reached XP level 3. HP: 3/29 MP: 5/5
  1437 | D:3      | Found a shattered altar of Ashenzari.
  1774 | D:3      | Reached XP level 4. HP: 33/36 MP: 7/7
  1796 | D:3      | Found a snail-covered altar of Cheibriados.
  2551 | D:4      | Got a bloodstained dagger
  2560 | D:4      | Noticed an ogre
  2572 | D:4      | Killed an ogre
  2572 | D:4      | Reached XP level 5. HP: 40/42 MP: 8/8
  3114 | D:4      | Identified the cursed -2 dagger of Duty {elec, +Blink rElec rN++ Str-4} (You found it on level 4 of the Dungeon)
  3123 | D:4      | Noticed an ogre
  3130 | D:4      | Killed an ogre
  3130 | D:4      | Reached XP level 6. HP: 44/50 MP: 10/10
  3309 | D:4      | Noticed an ogre
  3327 | D:4      | Killed an ogre
  4483 | D:4      | Found a blossoming altar of Fedhas.
  4648 | D:5      | Entered Level 5 of the Dungeon
  4705 | D:5      | Noticed Thomus' ghost (experienced HOFi)
  4841 | D:6      | Reached skill level 5 in Dodging
  4841 | D:6      | Reached XP level 7. HP: 55/57 MP: 12/12
  4960 | D:6      | Found Puben's Book Boutique.
  5068 | D:6      | Found Uterakhloti's Jewellery Shop.
  5219 | D:6      | Found a glowing drain.
  5241 | Sewer    | Entered a sewer
  6089 | D:6      | Noticed Grinder
  6116 | D:6      | Reached skill level 6 in Dodging
  6456 | D:7      | Found a staircase to the Ecumenical Temple.
  6551 | D:7      | Reached XP level 8. HP: 54/66 MP: 13/13
  6567 | D:7      | Found a shimmering altar of Xom.
  6630 | D:7      | Reached skill level 7 in Dodging
  6744 | D:7      | Found a white marble altar of Elyvilon.
  6916 | D:7      | Found a deep blue altar of Sif Muna.
  6957 | D:7      | Found a shadowy altar of Dithmenos.
  6975 | D:7      | Reached skill level 8 in Dodging
  6987 | D:7      | Found a glowing silver altar of Zin.
  7335 | D:7      | Reached skill level 1 in Evocations
  7360 | D:8      | Found a blossoming altar of Fedhas.
  7725 | D:8      | Reached XP level 9. HP: 65/72 MP: 16/16
  7795 | D:8      | Reached skill level 9 in Dodging
  7798 | D:8      | Noticed Edmund
  7846 | D:8      | Killed Edmund
  8194 | D:8      | Noticed Eustachio
  8325 | D:8      | Killed Eustachio
  8325 | D:8      | Reached skill level 10 in Dodging
  8666 | D:8      | Found a deep blue altar of Sif Muna.
  8667 | D:8      | Found an ancient bone altar of Kikubaaqudgha.
  8922 | D:9      | Reached skill level 5 in Short Blades
  8977 | D:9      | Reached skill level 5 in Fighting
  9025 | D:9      | Reached XP level 10. HP: 28/81 MP: 12/19
  9059 | D:9      | Reached skill level 11 in Dodging
  9179 | D:9      | HP: 4/81 [river rat (6)]
  9632 | D:9      | Found a staircase to the Lair.
  9694 | D:9      | Reached skill level 5 in Stealth
 10559 | D:9      | Reached skill level 12 in Dodging
 10929 | D:9      | Found an opulent altar of Gozag.
 10931 | D:9      | Noticed Psyche
 10954 | D:9      | Killed Psyche
 11380 | D:9      | Found a bloodstained altar of Trog.
 12518 | D:4      | Reached XP level 11. HP: 85/85 MP: 20/20
 12748 | D:5      | Killed Thomus' ghost
 13214 | D:10     | Entered Level 10 of the Dungeon
 13439 | D:10     | Noticed Urug
 13464 | D:10     | Killed Urug
 13464 | D:10     | Reached skill level 10 in Short Blades
 14034 | D:11     | Reached XP level 12. HP: 68/92 MP: 21/21
 15050 | D:11     | Found a staircase to the Orcish Mines.
 15904 | D:12     | Reached skill level 13 in Dodging
 16790 | D:12     | Identified a +0 rod of the swarm (10/10) (You found it on level 12 of the Dungeon)
 17321 | D:12     | Found a deep blue altar of Sif Muna.
 18568 | D:13     | Reached skill level 14 in Dodging
 18924 | Lair:1   | Entered Level 1 of the Lair of Beasts
 19084 | Lair:1   | Found a shimmering altar of Xom.
 20660 | Lair:2   | Reached XP level 13. HP: 104/104 MP: 24/24
 20772 | Lair:2   | Noticed hulla's ghost (powerful OpTm)
 20799 | Lair:2   | Killed hulla's ghost
 21232 | Lair:3   | Found a labyrinth entrance.
 21241 | Lab      | Entered a labyrinth
 22106 | Lair:3   | Found a staircase to the Swamp.
 22719 | Lair:4   | Found a shadowy altar of Dithmenos.
 22845 | Lair:4   | Found a dark tunnel.
 22871 | Volcano  | Entered a volcano
 23207 | Lair:4   | Found a staircase to the Snake Pit.
 23322 | Lair:4   | Reached skill level 15 in Dodging
 23579 | Lair:4   | Reached skill level 1 in Armour
 23623 | Lair:4   | Reached skill level 5 in Evocations
 26959 | Lair:7   | Reached XP level 14. HP: 113/115 MP: 27/27
 27121 | Lair:7   | Found a staircase to the Slime Pits.
 27122 | Lair:7   | Found a viscous altar of Jiyva.
 27680 | Lair:8   | Entered Level 8 of the Lair of Beasts
 27689 | Lair:8   | Identified a scroll of acquirement
 27742 | Lair:8   | Noticed hulla's ghost (powerful OpTm)
 27773 | Lair:8   | Killed hulla's ghost
 27929 | Lair:8   | Noticed Nergalle
 27940 | Lair:8   | Killed Nergalle
 27940 | Lair:8   | Reached skill level 1 in Shields
 28083 | Lair:8   | Noticed Snorg
 28090 | Lair:8   | Killed Snorg
 28204 | Lair:8   | Learned a level 3 spell: Regeneration
 28207 | Lair:8   | Learned a level 2 spell: Swiftness
 28212 | Lair:8   | Learned a level 4 spell: Control Teleport
 28731 | Lair:8   | Reached skill level 16 in Dodging
 28858 | Lair:8   | Found a burning altar of Makhleb.
 29042 | Lair:8   | Got a heavily runed ring mail
 29086 | Lair:8   | Found a gateway to Hell.
 29114 | Lair:8   | Got a slimy quick blade
 29570 | Lair:1   | Identified the +6 quick blade of the Spinneret {flame, Int+7} (You found it on level 8 of the Lair of Beasts)
 29581 | Lair:1   | Identified the +4 ring mail of the First Songs {Str+2 Int-2 Dex+5} (You took it off a red devil on level 8 of the Lair of Beasts)
 29690 | D:6      | Bought Sif Muna's Compendium of the Compass for 1189 gold pieces
 29693 | D:6      | Learned a level 2 spell: Blink
 29866 | Orc:1    | Entered Level 1 of the Orcish Mines
 29903 | Orc:1    | Noticed Joseph
 29921 | Orc:1    | Killed Joseph
 31338 | Orc:3    | Found a bloodstained altar of Trog.
 31418 | Orc:3    | Found a staircase to the Elven Halls.
 31574 | Orc:4    | Entered Level 4 of the Orcish Mines
 31842 | Orc:4    | Found a roughly hewn altar of Beogh.
 31842 | Orc:4    | Found Noang's Antique Armour Shoppe.
 32071 | Orc:4    | Found a roughly hewn altar of Beogh.
 32092 | Orc:4    | Paralysed by an orc sorcerer for 6 turns
 32105 | Orc:4    | Found Vaul's Armour Shoppe.
 32208 | Orc:4    | Found a roughly hewn altar of Beogh.
 32411 | Orc:4    | Found a roughly hewn altar of Beogh.
 32542 | Orc:4    | Bought a pair of smoking boots for 190 gold pieces
 32552 | Orc:4    | Identified the +1 pair of boots "Shuyg" {+Blink rElec rF+ Str+2 Slay+2} (You bought it in a shop on level 4 of the Orcish Mines)
 32671 | Orc:4    | Noticed an orc warlord
 32961 | Orc:4    | Found a roughly hewn altar of Beogh.
 32961 | Orc:4    | Found Jull's Antique Armour Emporium.
 32978 | Orc:4    | Found Utuloa's Antique Weapon Shoppe.
 32989 | Orc:4    | Bought an embroidered hat for 88 gold pieces
 33066 | Orc:4    | Killed an orc warlord
 33339 | Orc:4    | Found a roughly hewn altar of Beogh.
 33409 | Orc:4    | Bought a +2 pair of gloves of dexterity for 279 gold pieces
 33739 | Snake:1  | Entered Level 1 of the Snake Pit
 33893 | Snake:1  | Reached XP level 15. HP: 123/123 MP: 29/29
 33903 | Snake:1  | Found Wiumn's Magic Scroll Shop.
 33915 | Snake:1  | Bought a scroll of noise for 19 gold pieces
 33915 | Snake:1  | Bought a scroll of magic mapping for 66 gold pieces
 33916 | Snake:1  | Bought a scroll of identify for 38 gold pieces
 33916 | Snake:1  | Bought a scroll of identify for 38 gold pieces
 33916 | Snake:1  | Bought a scroll of identify for 38 gold pieces
 33916 | Snake:1  | Bought a scroll of fear for 66 gold pieces
 33937 | Snake:1  | Found Zaikhenn's Book Shoppe.
 33962 | Snake:1  | Found Cuco's Food Shoppe.
 33963 | Snake:1  | Found Schuwoydd's Armour Shoppe.
 34015 | Snake:1  | Noticed Frances
 34033 | Snake:1  | Killed Frances
 34040 | Snake:1  | Reached skill level 5 in Shields
 34280 | Snake:1  | Reached skill level 10 in Fighting
 34491 | Snake:1  | Found Gisatze's Antique Armour Shop.
 35205 | Snake:2  | Noticed Azrael
 35236 | Snake:2  | Reached skill level 1 in Translocations
 35236 | Snake:2  | Reached skill level 1 in Air Magic
 35260 | Snake:2  | Killed Azrael
 35260 | Snake:2  | Reached skill level 1 in Spellcasting
 35260 | Snake:2  | Reached skill level 1 in Charms
 35536 | Snake:2  | Noticed Jorgrun
 35590 | Snake:2  | Killed Jorgrun
 35590 | Snake:2  | Reached skill level 17 in Dodging
 36761 | Snake:3  | Noticed Donald
 36782 | Snake:3  | Killed Donald
 38264 | Snake:4  | Reached XP level 16. HP: 121/131 MP: 28/30
 38442 | Snake:4  | Reached skill level 5 in Armour
 39838 | Snake:5  | Entered Level 5 of the Snake Pit
 39884 | Snake:5  | Reached skill level 18 in Dodging
 40993 | Snake:5  | Found a white marble altar of Elyvilon.
 41049 | Snake:5  | Learned a level 2 spell: Repel Missiles
 41443 | Snake:5  | Noticed Norris
 41485 | Snake:5  | Killed Norris
 41980 | Snake:5  | Reached skill level 5 in Air Magic
 42165 | Snake:4  | Reached skill level 5 in Translocations
 42273 | Snake:4  | Reached skill level 5 in Spellcasting
 42613 | Snake:5  | Reached skill level 1 in Necromancy
 42625 | Snake:5  | Reached skill level 5 in Charms
 42634 | Snake:5  | Reached XP level 17. HP: 111/137 MP: 28/31
 43178 | Snake:5  | Reached skill level 19 in Dodging
 43247 | Snake:5  | Got a serpentine rune of Zot
 44359 | D:6      | Bought a book of Enchantments for 550 gold pieces
 44365 | D:6      | Learned a level 5 spell: Silence
 44372 | D:6      | Learned a level 6 spell: Haste
 44480 | Lair:1   | Learned a level 3 spell: Spectral Weapon
 44592 | Swamp:1  | Entered Level 1 of the Swamp
 45061 | Swamp:1  | Reached skill level 1 in Hexes
 45801 | Swamp:2  | Got a warped ring mail
 45802 | Swamp:2  | Identified the +2 ring mail of Focus {+Fly rElec rPois rF- Str+2} (You found it on level 2 of the Swamp)
 46493 | Swamp:3  | Noticed Nikola
 46543 | Swamp:3  | Killed Nikola
 46555 | Swamp:3  | Reached skill level 5 in Hexes
 46587 | Swamp:3  | Found a frozen archway.
 46622 | IceCv    | Entered an ice cave
 48248 | Swamp:4  | Reached XP level 18. HP: 76/146 MP: 19/32
 48270 | Swamp:4  | Learned a level 1 spell: Apportation
 49053 | Swamp:5  | Entered Level 5 of the Swamp
 49464 | Swamp:5  | Got a decaying rune of Zot
 50395 | Lair:1   | Learned a level 1 spell: Animate Skeleton
 50561 | D:14     | Found a gate to the Vaults.
 50561 | D:14     | Noticed a vault guard
 50561 | D:14     | Noticed a vault guard
 50562 | D:14     | Noticed a vault guard
 50562 | D:14     | Noticed a vault guard
 50562 | D:14     | Noticed a vault guard
 50562 | D:14     | Noticed a vault guard
 50562 | D:14     | Noticed a vault guard
 50563 | D:14     | Noticed a vault guard
 50584 | D:14     | Killed a vault guard
 50592 | D:14     | Killed a vault guard
 50603 | D:14     | Killed a vault guard
 50622 | D:14     | Killed a vault guard
 50631 | D:14     | Killed a vault guard
 50653 | D:14     | Killed a vault guard
 50667 | D:14     | Killed a vault guard
 50679 | D:14     | Killed a vault guard
 50870 | D:14     | Noticed Rupert
 50896 | D:14     | Killed Rupert
 51764 | D:15     | Entered Level 15 of the Dungeon
 51876 | D:15     | Noticed Kirke
 51893 | D:15     | Killed Kirke
 52041 | D:15     | Found a staircase to the Depths.
 52546 | Vaults:1 | Entered Level 1 of the Vaults
 53698 | Vaults:1 | Reached XP level 19. HP: 154/157 MP: 35/35
 55275 | Vaults:2 | Reached skill level 20 in Dodging
 55320 | Vaults:2 | Found Klineta's Antique Armour Shoppe.
 55327 | Vaults:2 | Bought a pair of glowing boots for 144 gold pieces
 55714 | Vaults:2 | Got a bloodstained leather armour
 55725 | Vaults:2 | Identified the +1 leather armour "Ukivakkies" {Contam rPois rN+ Int+4 Dex+4} (You found it on level 2 of the Vaults)
 55744 | Vaults:2 | Gained mutation: Your body is slowly deteriorating. [mutagenic glow]
 56439 | Vaults:3 | Found a staircase to the Crypt.
 56454 | Vaults:3 | Reached skill level 10 in Hexes
 56540 | Vaults:3 | Reached skill level 10 in Air Magic
 56940 | Lair:1   | Learned a level 4 spell: Enslavement
 57086 | Snake:1  | Bought a manual of Armour for 1545 gold pieces
 58855 | Vaults:4 | Found Ugaina's General Store.
 58951 | Vaults:4 | Noticed Xtahua
 58990 | Vaults:4 | Killed Xtahua
 58990 | Vaults:4 | Reached XP level 20. HP: 43/166 MP: 11/36
 59009 | Vaults:4 | Reached skill level 10 in Armour
 59925 | Vaults:5 | Entered Level 5 of the Vaults
 60910 | Vaults:5 | Noticed an ancient lich
 60961 | Vaults:5 | Annihilated by a titan

Action                   |  1- 3 |  4- 6 |  7- 9 | 10-12 | 13-15 | 16-18 | 19-21 || total
-------------------------+-------+-------+-------+-------+-------+-------+-------++-------
Melee: Dagger            |   140 |   262 |   757 |   852 |     2 |       |       ||  2013
       Short sword       |       |       |       |   608 |  2645 |  2925 |  1887 ||  8065
       Quick blade       |       |       |       |       |       |   302 |    54 ||   356
 Fire: Blowgun           |     8 |    36 |    42 |    21 |     6 |       |       ||   113
Throw: Throwing net      |       |       |     1 |     6 |     2 |     1 |       ||    10
 Cast: Regeneration      |       |       |       |       |       |    51 |    36 ||    87
       Repel Missiles    |       |       |       |       |       |     8 |     4 ||    12
       Silence           |       |       |       |       |       |     3 |    11 ||    14
 Abil: Evoke Invisibilit |       |       |       |       |    18 |     9 |     4 ||    31
       Turn Visible      |       |       |       |       |    14 |     9 |     4 ||    27
       Evoke Blink       |       |       |       |       |       |       |     3 ||     3
Evoke: Wand              |       |       |    12 |     7 |    21 |    16 |     1 ||    57
       Rod               |       |       |       |     7 |     5 |     2 |       ||    14
  Use: Scroll            |     3 |     7 |     4 |    14 |    19 |    16 |     2 ||    65
       Potion            |     3 |       |     2 |    13 |     3 |    12 |     4 ||    37
 Stab: Sleeping          |     2 |     5 |    11 |    32 |    97 |    34 |    27 ||   208
       Distracted        |       |       |     1 |     5 |     7 |    11 |     1 ||    25
       Held in net/web   |       |       |     1 |     4 |     2 |       |       ||     7
       Invisible         |       |       |       |       |    29 |     8 |    11 ||    48
       Petrifying        |       |       |       |       |     1 |       |       ||     1
       Petrified         |       |       |       |       |     1 |       |       ||     1
       Confused          |       |       |       |       |       |     2 |       ||     2
  Eat: Chunk             |     3 |     5 |    12 |    19 |    29 |    27 |    18 ||   113
       Bread ration      |       |     1 |       |       |       |     5 |     2 ||     8
       Fruit             |       |       |     1 |    11 |    14 |       |       ||    26
       Pizza             |       |       |     1 |     3 |     2 |     1 |       ||     7
       Beef jerky        |       |       |       |     5 |     4 |     1 |     3 ||    13
       Royal jelly       |       |       |       |       |     6 |     5 |       ||    11
       Meat ration       |       |       |       |       |     1 |       |       ||     1
